 Dungeon Crawl Stone Soup version 0.32-a0-656-g3542139ebd (webtiles) character file.

Game seed: 766133524754058319

11990 Fodor the Spear-Bearer (level 11, -10/97 HPs)
             Began as a Minotaur Fighter on Mar 8, 2024.
             Was an Initiate of Gozag.
             Mangled by Donald
             ... wielding a +1 scimitar of electrocution
              (16 damage)
             ... on level 2 of the Orcish Mines.
             The game lasted 00:37:13 (9835 turns).

Fodor the Spear-Bearer (Minotaur Fighter)           Turns: 9835, Time: 00:37:14

Health: -10/97     AC: 22    Str: 26    XL:     11   Next: 56%
Magic:  0/10       EV: 15    Int:  5    God:    Gozag
Gold:   1252       SH:  0    Dex: 15    Spells: 10/10 levels left

rFire   . . .        e - +5 war axe (heavy)
rCold   . . .        (no shield)
rNeg    . . .        B - +3 plate armour
rPois   .            (helmet restricted)
rElec   .            a - +0 cloak
rCorr   .            O - +2 pair of gloves
SInv    .            (no boots)
Will    .....        w - amulet of guardian spirit Stlth
                     h - +6 ring of dexterity
HPRegen 0.36/turn    r - +5 ring of evasion
MPRegen 0.12/turn

%: guardian spirit
@: about to teleport
A: horns 2, retaliatory headbutt
a: Renounce Religion, Potion Petition, Call Merchant, Bribe Branch


You were on level 2 of the Orcish Mines.
You worshipped Gozag.
Gozag was most pleased with you.
You visited 3 branches of the dungeon, and saw 13 of its levels.
You also visited: Bailey.

You collected 2543 gold pieces.
You spent 512 gold pieces at shops.
You paid 779 gold pieces to Gozag.

Inventory:

Hand Weapons
 e - a +5 heavy war axe (weapon)
 m - a +2 antimagic battleaxe
 J - the +5 arbalest "Woluur" {freeze, Str+3 Stlth+}
   (You bought it in a shop on level 10 of the Dungeon)

   Str+3:     It affects your strength (+3).
   Stlth+:    It makes you more stealthy.
Armour
 a - a +0 cloak (worn)
 c - a +0 buckler
 B - a +3 plate armour (worn)
 O - a +2 pair of gloves (worn)
Jewellery
 h - a +6 ring of dexterity (left hand)
 r - a +5 ring of evasion (right hand)
 u - a +6 ring of dexterity
 w - an amulet of guardian spirit (around neck)
 H - a ring of flight
Wands
 F - a wand of iceblast (12)
 I - a wand of mindburst (9)
Scrolls
 b - a scroll of immolation
 j - a scroll of noise
 p - 5 scrolls of vulnerability
 q - 2 scrolls of enchant weapon
 s - 5 scrolls of teleportation
 v - 5 scrolls of fog
 x - a scroll of amnesia {unknown}
 z - 2 scrolls of poison
 A - a scroll of fear {unknown}
 E - a scroll of revelation {unknown}
 G - a scroll of blinking {unknown}
Potions
 d - 4 potions of might
 f - 2 potions of magic
 g - 2 potions of heal wounds {unknown}
 i - 3 potions of lignification
 k - 3 potions of enlightenment {unknown}
 l - 4 potions of mutation {unknown}
 n - 2 potions of ambrosia {unknown}
 o - a potion of cancellation {unknown}
 t - 3 potions of curing {unknown}
 C - 2 potions of haste {unknown}
 D - a potion of brilliance {unknown}
 L - a potion of berserk rage {unknown}
 N - a potion of invisibility {unknown}


   Skills:
 + Level 9.1 Fighting
 + Level 7.0(10.6) Axes
 + Level 12.5(13.2) Polearms
 + Level 10.6 Armour
 + Level 5.7 Dodging
 + Level 2.2 Stealth
 + Level 9.4 Shields


You had 10 spell levels left.
You didn't know any spells.
Your spell library contained the following spells:

 Spells                   Type           Power      Damage    Failure   Level
 Apportation              Tloc           0%         N/A       99%         1
 Necrotise                Necr           0%         1d4       99%         1
 Shock                    Conj/Air       0%         1d3       99%         1
 Ensorcelled Hibernation  Hex/Ice        0%         N/A       100%        2
 Jinxbite                 Hex            0%         N/A       100%        2
 Static Discharge         Conj/Air       0%         3-3/arc   100%        2
 Fugue of the Fallen      Necr           0%         N/A       100%        3
 Hailstorm                Conj/Ice       0%         3d5       100%        3
 Summon Ice Beast         Ice/Summ       0%         N/A       100%        3
 Swiftness                Air            0%         N/A       100%        3
 Airstrike                Air            0%         2d(0-16)  100%        4
 Anguish                  Hex/Necr       0%         N/A       100%        4
 Summon Lightning Spire   Summ/Air       0%         N/A       100%        4
 Alistair's Intoxication  Alch           0%         N/A       100%        5
 Yara's Violent Unravell  Hex/Alch       0%         3d3       100%        5
 Sculpt Simulacrum        Ice/Alch       0%         N/A       100%        6
 Enfeeble                 Hex            0%         N/A       100%        7


Dungeon Overview and Level Annotations

Branches:
Dungeon (10/15)            Temple (1/1) D:4            Lair (0/5) D:10
    Orc (2/2) D:10         Bailey (visited)
    Elf: Orc:2

Altars:
Ashenzari
Cheibriados
Dithmenos
Elyvilon
Fedhas
Gozag
Hepliaklqana
Kikubaaqudgha
Makhleb
Nemelex Xobeh
Okawaru
Qazlal
Ru
Sif Muna
Trog
Uskayaw
Vehumet
Wu Jian
Xom
Yredelemnul
Zin
The Shining One

Shops:
D:4 :   D:8 [   D:10 (

Annotations:
D:6 2 runed translucent doors, Triskal's ghost, novice DjFE
Orc:2 Donald


Innate Abilities, Weirdness & Mutations

You have a pair of horns on your head.
You reflexively headbutt those who attack you in melee.


Message History

The bolt hits Donald but does no damage.
Donald says, "I saw some gold over there.
Quick, better go get it!"
Donald mumbles some strange words.
Donald seems to grow stronger.
You shoot a bolt. The bolt closely misses Donald.
Donald hits you with a +1 scimitar of electrocution!
You are electrocuted!
Donald hits you with a +1 scimitar of electrocution!
You are electrocuted!
Donald misses you.
Aiming: Mindburst
Press: ? - help, Q - select action, (/) - cycle Shift-Dir - straight line, f/p - Donald
Aim: Donald, wielding a +1 scimitar of electrocution, wearing a +3 chain mail of positive energy and wearing a +0 kite shield of reflection (fast, strong, reflecting blocked projectiles, chance to affect: 6%) Donald resists with almost no effort.
Donald barely misses you. Donald completely misses you.
You furiously retaliate!
You headbutt Donald!
The +5 arbalest "Woluur" {freeze, Str+3 Stlth+} stops glowing.
e - a +5 heavy war axe (weapon)
Donald blocks your attack.
Donald is lightly wounded.
Donald hits you with a +1 scimitar of electrocution!!
You are electrocuted!
Donald hits you but does no damage. Donald closely misses you.
You furiously retaliate!
You headbutt Donald, but do no damage. You slash Donald!
Donald is moderately wounded.
Donald says, "These orcs are so stupid, they must've eaten the rune."
Donald hits you with a +1 scimitar of electrocution!
* * * LOW HITPOINT WARNING * * *
Donald says, "These orcs are so stupid, they must've eaten the rune."
Donald hits you with a +1 scimitar of electrocution.
* * * LOW HITPOINT WARNING * * *
As you read the scroll of teleportation, it crumbles to dust.
You feel strangely unstable.
Donald hits you with a +1 scimitar of electrocution!
* * * LOW HITPOINT WARNING * * *
Donald attacks as he pursues you!
Donald hits you with a +1 scimitar of electrocution!
You die...
Donald says, "Well, maybe you weren't so bad after all."
Your body crumbles into a pile of gold.

#...............#....#
#....................#
#...#...#..#........##
...............#....#
#.......#.........#
#..$..............##
#.................#
##.##@...............# #....
#....@)).............# ....
##.....)..#.........## ...
.###..#..............# ... ..#
#...#.............#
##.###.####.................#
...#.....#.................#
##.#.#.....................## ##
#.<...# ....................#
.#.###...####...................#


You could see Donald (fast, strong, reflecting).

Vanquished Creatures
  2 vault guards (Bailey)
  Pikel (D:6)
  An orc knight (Orc:1)
  Maggie (D:6)
  2 hornets
  A troll (D:10)
  Prince Ribbit (Bailey)
  A shadow (D:10)
  Sigmund (D:2)
  11 yaks
  2 wyverns
  2 humans (Bailey)
  A steam dragon (D:10)
  An acid dragon (D:9)
  An ice beast (D:7)
  A sky beast (D:7)
  12 orc warriors
  3 black bears
  7 ogres
  2 centaurs
  3 phantoms
  16 bullfrogs
  2 kobold brigands (D:8)
  2 scorpions
  4 wights (D:6)
  19 killer bees
  2 bombardier beetles
  2 howler monkeys
  8 orc priests
  A sleepcap (D:6)
  Jessica (D:3)
  7 iguanas
  7 orc wizards
  Robin (D:2)
  2 gnolls (Bailey)
  14 adders
  2 shadow imps
  4 white imps
  A ribbon worm (D:4)
  65 orcs
  3 ball pythons
  9 bats
  8 endoplasms
  4 giant cockroaches
  16 goblins
  6 hobgoblins
  2 jackals (D:3)
  4 quokkas
  3 frilled lizards
  21 kobolds
  5 rats
298 creatures vanquished.

Vanquished Creatures (others)
  An orc warrior (Orc:1)
  An orc wizard (D:10)
2 creatures vanquished.

Grand Total: 300 creatures vanquished

Notes
Turn   | Place    | Note
-------+----------+-------------------------------------------
     0 | D:1      | Fodor the Minotaur Fighter began the quest for the Orb.
     0 | D:1      | Reached XP level 1. HP: 19/19 MP: 0/0
   212 | D:1      | Reached XP level 2. HP: 13/27 MP: 1/1
   761 | D:2      | Noticed Robin
   768 | D:2      | Killed Robin
   769 | D:2      | Reached XP level 3. HP: 19/33 MP: 2/2
   992 | D:2      | Reached skill level 1 in Polearms
  1218 | D:2      | Noticed Sigmund
  1229 | D:2      | Killed Sigmund
  1230 | D:2      | Reached skill level 3 in Polearms
  1230 | D:2      | Reached skill level 1 in Dodging
  1230 | D:2      | Reached XP level 4. HP: 36/41 MP: 3/3
  1230 | D:2      | Reached XP level 5. HP: 41/47 MP: 4/4
  1430 | D:3      | Reached XP level 6. HP: 46/53 MP: 5/5
  1435 | D:3      | Reached skill level 5 in Armour
  1486 | D:3      | Reached skill level 4 in Polearms
  1796 | D:3      | Noticed Jessica
  1800 | D:3      | Killed Jessica
  1878 | D:4      | Found a white marble altar of Elyvilon.
  1888 | D:4      | Reached XP level 7. HP: 52/60 MP: 6/6
  1971 | D:4      | Found Istra's Tremendous Tomes.
  2018 | D:4      | Reached skill level 5 in Polearms
  2042 | D:4      | Found a staircase to the Ecumenical Temple.
  2054 | D:4      | Reached skill level 5 in Shields
  2058 | Temple   | Entered the Ecumenical Temple
  2068 | Temple   | Became a worshipper of Gozag Ym Sagoz the Greedy
  2421 | D:4      | Reached skill level 5 in Fighting
  2867 | D:5      | Entered Level 5 of the Dungeon
  2885 | D:5      | Reached skill level 6 in Polearms
  3006 | D:5      | Reached XP level 8. HP: 68/68 MP: 7/7
  3022 | D:5      | Found a glowing silver altar of Zin.
  3316 | D:5      | Identified the +0 short sword of the Valley of Death
                  | {flame, +Blink rPois}
  3502 | D:5      | Reached skill level 1 in Stealth
  3570 | D:5      | Reached skill level 7 in Polearms
  3829 | D:6      | Noticed Pikel
  3841 | D:6      | Killed Pikel
  3842 | D:6      | Reached skill level 8 in Polearms
  3842 | D:6      | Reached XP level 9. HP: 32/75 MP: 4/8
  3879 | D:6      | Noticed Maggie
  3901 | D:6      | Killed Maggie
  3902 | D:6      | Reached skill level 9 in Polearms
  4012 | D:6      | Identified the +1 ring mail "Jopras" {Will+}
  4132 | D:6      | Reached skill level 5 in Dodging
  4428 | D:6      | Found a large runed translucent door.
  4428 | D:6      | Found a large runed translucent door.
  4430 | D:6      | Noticed Triskal's ghost (novice DjFE)
  4496 | D:6      | Found an ancient bone altar of Kikubaaqudgha.
  4537 | D:6      | Found a shimmering blue altar of Sif Muna.
  4539 | D:6      | Found a radiant altar of Vehumet.
  4542 | D:6      | Got Kikubaaqudgha's Encyclopedia of Open Graves
  4966 | D:7      | Found a flagged portal.
  4989 | Bailey   | Entered a bailey
  5095 | Bailey   | Noticed Prince Ribbit
  5095 | Bailey   | Noticed a vault guard
  5105 | Bailey   | Killed a vault guard
  5106 | Bailey   | Reached skill level 10 in Polearms
  5106 | Bailey   | Reached XP level 10. HP: 42/86 MP: 4/9
  5106 | Bailey   | Killed Prince Ribbit
  5246 | Bailey   | Noticed a vault guard
  5261 | Bailey   | Killed a vault guard
  5617 | D:7      | Reached skill level 11 in Polearms
  5962 | D:7      | Identified the +1 pair of boots "Wuurexy" {Harm rPois rC-
                  | Regen+}
  6062 | D:7      | Found a blossoming altar of Fedhas.
  6540 | D:8      | Found Zyagat's Armour Shoppe.
  6712 | D:8      | Identified the +5 shortbow "Cimn" {freeze, rPois rN+ rCorr
                  | Int+3}
  6980 | D:8      | Reached skill level 10 in Armour
  7437 | D:9      | Reached skill level 12 in Polearms
  7561 | D:9      | Reached XP level 11. HP: 90/94 MP: 10/10
  7628 | D:9      | Paralysed by a hornet for 2 turns
  8139 | D:10     | Entered Level 10 of the Dungeon
  8200 | D:10     | Found a staircase to the Orcish Mines.
  8345 | D:10     | Found a staircase to the Lair.
  8997 | D:10     | Reached skill level 5 in Axes
  9178 | D:10     | Bought a translucent arbalest for 256 gold pieces
  9178 | D:10     | Identified the +5 arbalest "Woluur" {freeze, Str+3 Stlth+}
                  | (You bought it in a shop on level 10 of the Dungeon)
  9198 | D:10     | Bought a glowing battleaxe for 256 gold pieces
  9239 | Orc:1    | Entered Level 1 of the Orcish Mines
  9239 | Orc:1    | Noticed an orc knight
  9253 | Orc:1    | Killed an orc knight
  9601 | Orc:2    | Entered Level 2 of the Orcish Mines
  9826 | Orc:2    | Noticed Donald
  9835 | Orc:2    | Mangled by Donald

Illustrated notes

Levels and vault maps discovered:
D:1:      wander_arrival_desolate, layout_loops_ring
D:2:      layout_loops_ring, minmay_pentomino_u4, uniq_robin, uniq_sigmund
D:3:      layout_rooms, st_stairs_9, chequers_serial_rivers_micro_e,
          interstate_on_off, bh_walls_and_bars, uniq_jessica
D:4:      layout_gridville, elyvilon_altar_5, minmay_temple_entry_stoned_glass,
          amethyst_killhole, nicolae_shop_i_like_big_books,
          kennysheep_another_room, kennysheep_boxes
D:5:      layout_loops_corners, zin_treasury, minmay_misc_feat_alley
D:6:      layout_rooms, grunt_temple_overflow_magic_moments,
          ebering_ghost_disaster_area, serial_rivers,
          chequers_serial_rivers_marsh, chequers_serial_rivers_micro_e,
          chequers_serial_rivers_room_b, chequers_serial_rivers_large_a,
          uniq_maggie, uniq_pikel
D:7:      layout_basic, overflow_temple_1_default, enter_bailey_3
D:8:      layout_cave_pools, nicolae_inconvenience_store
D:9:      layout_loops_ring
D:10:     layout_cave_pods, lair_entry_dummy, hiddenorc2_lemuel,
          hangedman_decor_lopped
Temple:   eino_temple_rhombus
Orc:1:    layout_caves, serial_shops, shop
Orc:2:    st_orc_mages, layout_caves, uniq_donald

Skill      XL: |  1  2  3  4  5  6  7  8  9 10 11 |
---------------+----------------------------------+-----
Armour         | 4 5 6 7 8 10 | 10.6
Shields        | 4 5 6 7 8 9 |  9.4
Fighting       | 4 5 6 7 8 9 |  9.1
Polearms       | 3 4 6 8 10 12 | 12.5
Axes           | 3 7 |  7.0
Dodging        | 1 2 3 4 5 |  5.7
Stealth        | 1 2 |  2.2

Action                     |  1- 3 |  4- 6 |  7- 9 | 10-12 || total
---------------------------+-------+-------+-------+-------++-------
  Melee: War axe           |    15 |       |       |    81 ||    96
         Trident           |    50 |    42 |   170 |   217 ||   479
         Headbutt          |     6 |     7 |    30 |    45 ||    88
   Fire: Arbalest          |       |       |       |     7 ||     7
 Invoke: Call Merchant     |       |       |       |     1 ||     1
  Evoke: Wand              |       |       |       |     1 ||     1
    Use: Scroll            |       |       |     5 |     9 ||    14
   Stab: Distracted        |       |       |     1 |     2 ||     3
 Armour: Scale mail        |    54 |    32 |    54 |       ||   140
         Plate armour      |       |       |    37 |   236 ||   273
         Ring mail         |       |       |     6 |       ||     6
  Dodge: Dodged            |    36 |    63 |   178 |   239 ||   516
  Block: Buckler           |    18 |    20 |    75 |   109 ||   222

Table legend: (Time is in decaauts)
 A = Elapsed time spent in this place.
 B = Non-inter-level travel time spent in this place.
 C = Inter-level travel time spent in this place.
 D = Time resting spent in this place.
 E = Time spent auto-exploring this place.
 F = Levels seen in this place.
 G = Mean time per level.
                   A        B        C        D        E       F      G
               +--------+--------+--------+--------+--------+-----+--------+
         Total |  10087 |   9928 |    159 |    673 |   6053 |  14 |  720.5 |
       Dungeon |   9004 |   8863 |    141 |    427 |   5631 |  10 |  900.4 |
        Temple |     20 |      2 |     18 |      0 |      0 |   1 |   20.0 |
  Orcish Mines |    448 |    448 |      0 |      0 |    255 |   2 |  224.0 |
        Bailey |    613 |    613 |      0 |    246 |    167 |   1 |  613.0 |
               +--------+--------+--------+--------+--------+-----+--------+

Top non-repeatable levels by time:
    D:10: 1297 daAuts
     D:6: 1147 daAuts
     D:5: 1041 daAuts
     D:8: 1014 daAuts
     D:4: 990 daAuts
     D:9: 852 daAuts
     D:1: 765 daAuts
     D:7: 715 daAuts
     D:2: 709 daAuts
  Bailey: 613 daAuts
     D:3: 470 daAuts
   Orc:2: 244 daAuts
   Orc:1: 204 daAuts
  Temple: 20 daAuts
